 Dungeon Crawl Stone Soup version 0.22.0 (webtiles) character file.

300 CyclopB the Cudgeler (level 6, -7/55 HPs)
             Began as a Troll Gladiator on Dec 24, 2018.
             Mangled by a river rat (10 damage)
             ... in a sewer.
             The game lasted 00:09:54 (2092 turns).

CyclopB the Cudgeler (Troll Gladiator)              Turns: 2092, Time: 00:09:54

Health: -7/55      AC:  5    Str: 25    XL:     6   Next: 13%
Magic:  5/5        EV: 10    Int:  4    God:
Gold:   108        SH:  0    Dex: 11    Spells: 5/5 levels left

rFire    . . .     SeeInvis +   p - +0 whip
rCold    . . .     Gourm    +   (no shield)
rNeg     . . .     Faith    .   b - +0 robe
rPois    .         Spirit   .   c - +0 hat
rElec    .         Reflect  .   (no cloak)
rCorr    .         Harm     .   (gloves unavailable)
MR       .....                  (boots unavailable)
Stlth    +.........             (no amulet)
HPRegen  0.58/turn              j - ring of see invisible
MPRegen  0.09/turn              (no ring)

@: no status effects
A: large, unfitting armour, claws 3, fast metabolism 3, gourmand, regeneration
1, shaggy fur 1, tough skin 2
a: no special abilities


You were in a sewer.
You were completely stuffed.

You visited 1 branch of the dungeon, and saw 3 of its levels.
You also visited: Sewer.

You collected 108 gold pieces.

Inventory:

Hand Weapons
 a - a +0 flail
 p - a +0 whip (weapon)
Missiles
 d - 3 throwing nets
 e - 140 stones (quivered)
Armour
 b - a +0 robe (worn)
 c - a +0 hat (worn)
Jewellery
 j - a ring of see invisible (left claw)
Scrolls
 i - a scroll of magic mapping {unknown}
 m - 3 scrolls of remove curse
 n - a scroll of identify
 o - a scroll of enchant armour {unknown}
 r - 2 scrolls of fog {unknown}
Potions
 g - a potion of berserk rage {unknown}
 h - a potion of heal wounds {unknown}
 k - 3 potions of lignification {unknown}
 q - a potion of resistance {unknown}
Comestibles
 f - 8 rations


   Skills:
 - Level 1.5 Fighting
 + Level 6.2 Maces & Flails
 - Level 2.0 Throwing
 - Level 2.4 Dodging


You had 5 spell levels left.
You didn't know any spells.
Your spell library was empty.

Dungeon Overview and Level Annotations

Branches:
Dungeon (3/15)

Altars:

Annotations:
D:3 Sigmund


Innate Abilities, Weirdness & Mutations

You are too large for most types of armour.
You have claws for hands.
Your metabolism is lightning-fast.
You like to eat raw meat.
Your natural rate of healing is unusually fast.
You are covered in fur. (AC +1)
You have very tough skin. (AC +2)


Message History

You enter the shallow water.
Moving in this stuff is going to be slow.
The river rat bites you.
* * * LOW HITPOINT WARNING * * *
The river rat bites you but does no damage.
You closely miss the river rat. The river rat bites you.
* * * LOW HITPOINT WARNING * * *
You barely miss the river rat. The river rat barely misses you.
You hit the river rat but do no damage. You hit the river rat.
The river rat is moderately wounded.
The river rat barely misses you.
You hit the big kobold.
The big kobold is almost dead.
The river rat barely misses you. The big kobold hits you.
* * * LOW HITPOINT WARNING * * *
You closely miss the big kobold.
The big kobold is almost dead.
The river rat bites you!
You die...

≈≈≈..≈≈≈≈ ##..≈..≈.# #≈..≈..≈#
#.≈≈≈≈≈≈≈# ###
##.≈≈≈...####≈≈≈....≈###.≈≈K.
##.≈.≈.≈≈..##≈≈≈.####≈((≈≈#
.≈≈...≈≈≈..≈.≈≈.## #####≈≈≈≈.
..≈≈..≈.≈≈≈≈.≈≈## ###
.≈≈≈......≈.≈≈≈#
≈≈.≈.∩.∩≈≈≈.≈Kr#
≈..........≈≈≈@#
.≈..≈.≈≈..≈.≈≈≈## #######
.≈≈≈≈≈≈≈...≈.≈.≈## #####≈≈≈≈.#
##≈...≈≈≈..##....####((≈≈≈#####
##≈≈≈..≈≈####.≈..≈≈≈≈###≈(≈).#
#..≈≈.≈≈# #≈≈≈≈≈≈≈≈# #######
#≈≈≈≈≈.≈≈≈ ##≈≈≈≈.(≈###.≈≈≈.#
≈≈..≈≈≈≈.≈ #######≈(≈≈≈#####
≈≈#####≈. #####≈≈≈≈.#


You could see a big kobold and a river rat.

Vanquished Creatures
  2 big kobolds (Sewer)
  A worker ant (D:3)
  4 gnolls (D:2)
  3 adders
  A river rat (D:3)
  5 worms
  2 dart slugs
  4 leopard geckos
  An orc (D:3)
  3 ball pythons (D:3)
  3 bats
  A giant cockroach (D:2)
  A goblin (D:2)
  4 hobgoblins
  8 jackals
  2 kobolds (D:2)
  2 quokkas
  3 frilled lizards
  8 rats
58 creatures vanquished.

Notes
Turn   | Place    | Note
-------+----------+-------------------------------------------
     0 | D:1      | CyclopB the Troll Gladiator began the quest for the Orb.
     0 | D:1      | Reached XP level 1. HP: 19/19 MP: 0/0
    38 | D:1      | Reached skill level 3 in Maces & Flails
    87 | D:1      | Reached XP level 2. HP: 27/27 MP: 1/1
   631 | D:2      | Reached skill level 4 in Maces & Flails
   631 | D:2      | Reached XP level 3. HP: 24/33 MP: 2/2
   704 | D:2      | Reached XP level 4. HP: 13/41 MP: 3/3
  1532 | D:3      | Reached skill level 5 in Maces & Flails
  1579 | D:3      | Found a glowing drain.
  1678 | D:3      | Reached XP level 5. HP: 32/48 MP: 4/4
  1804 | D:3      | Noticed Sigmund
  1888 | Sewer    | Entered a sewer
  1998 | Sewer    | Reached skill level 6 in Maces & Flails
  1998 | Sewer    | Reached XP level 6. HP: 36/55 MP: 5/5
  2092 | Sewer    | Mangled by a river rat

Skill      XL: |  1  2  3  4  5 |
---------------+----------------+-----
Maces & Flails | 3 4 5 6 |  6.2
Throwing       | 2 |  2.0
Fighting       | |  1.5
Dodging        | |  2.4

Action                   |  1- 3 |  4- 6 || total
-------------------------+-------+-------++-------
Melee: Flail             |    82 |    28 ||   110
       Whip              |       |   152 ||   152
Throw: Stone             |       |    26 ||    26
  Use: Scroll            |     1 |     2 ||     3
 Stab: Sleeping          |     1 |       ||     1
  Eat: Chunk             |     7 |    18 ||    25
Armor: Robe              |    28 |    38 ||    66
Dodge: Dodged            |    40 |    75 ||   115
